[Event "*** Titled Tuesday Blitz"]
[Site "Chess.com"]
[Date "2019.07.02"]
[Round "7"]
[White "Kimster98"]
[Black "LarissaSteenbekkers"]
[Result "1-0"]
[WhiteElo "2574"]
[BlackElo "1980"]
[TimeControl "180+2"]
[EndTime "14:36:10 PDT"]
[Termination "Kimster98 won by resignation"]

1. c4 e5 2. g3 c6 3. d4 exd4 4. Qxd4 Nf6 5. Bg2 Be7 6. Nf3 Na6 7. O-O O-O 8. Nc3 Nb4 9. Qd1 d5 10. a3 Na6 11. cxd5 cxd5 12. b4 Be6 13. Bb2 Nc7 14.
Nd4 Bg4 15. Qd2 Re8 16. h3 Bh5 17. Rfe1 Ne4 18. Nxe4 dxe4 19. Bxe4 Bf6 20. Bxb7 Rb8 21. Bf3 Bg6 22. Red1 Qc8 23. Nc6 Rb6 24. Bxf6 gxf6 25. Qd7 Qxd7 26. Rxd7 Ne6 27. Rxa7 Ng5 28. Re7 Nxf3+ 29.
exf3 Rc8 30. Nd4 Rd6 31. Ne2 Rc2 32. Re1 Rdd2 33. h4 Bd3 34. Nf4 Rxf2 35. Nxd3 Rg2+ 36. Kf1 Rh2 37. Re8+ Kg7 38. R8e2 Rh1+ 39. Kg2 Rxe1 40. Rxc2 Re3 41. Rd2 1-0

[Event "*** Titled Tuesday Blitz"]
[Site "Chess.com"]
[Date "2019.07.02"]
[Round "7"]
[White "yoolund"]
[Black "PotapovaM"]
[Result "1-0"]
[WhiteElo "2610"]
[BlackElo "2503"]
[TimeControl "180+2"]
[EndTime "14:36:17 PDT"]
[Termination "yoolund won by resignation"]

1. d4 Nf6 2. Bg5 Ne4 3. Bf4 d5 4. Nd2 Bf5 5. e3 e6 6. Bd3 Bd6 7. Bg3 O-O 8. Ne2 Nxg3 9. hxg3 Bxd3 10. cxd3 e5 11. dxe5 Bxe5 12. d4 Bf6 13. Qb3 c5 14.
Qxb7 Nd7 15. Qxd5 cxd4 16. Nxd4 Ne5 17. Qxd8 Rfxd8 18. Ke2 Re8 19. Rac1 Rab8 20. b3 Ng4 21.
N2f3 a5 22. Rc4 g6 23. Nc6 Rb6 24. Nxa5 h5 25. Rc6 Rxc6 26. Nxc6 Rc8 27. Rc1 Rc7 28. Rc2 Nh6 29. e4 g5 30. b4 g4 31. Nd2 Rb7 32. a4 Kh7 33. a5 Rc7 34. a6 Rc8 35. b5 Bd8 36. Nxd8 Rxc2 37. b6 Rc8 38. b7 Rxd8 39.
a7 1-0

[Event "*** Titled Tuesday Blitz"]
[Site "Chess.com"]
[Date "2019.07.02"]
[Round "7"]
[White "ChainsOfFantasia"]
[Black "INLOVEWITHF"]
[Result "0-1"]
[WhiteElo "2441"]
[BlackElo "2395"]
[TimeControl "180+2"]
[EndTime "14:36:18 PDT"]
[Termination "INLOVEWITHF won by resignation"]

1. Nc3 e5 2. e3 d5 3. Qh5 Nc6 4. Bb5 Qd6 5. Nf3 Bd7 6. Bxc6 Bxc6 7. Qxe5+ Be7 8. Qxg7 O-O-O 9. Qxh8 Qg6 10. Ne5 Qxg2 11. Rf1 Nf6 12. Nxc6 bxc6 13. Qxd8+ Bxd8 14. h3 Qxh3 15. d3 Ng4 16. Bd2 Nh2 17. Rg1 Nf3+ 18. Ke2 Nxg1+ 19. Rxg1 Bh4 20. e4 Qh2 21. Rf1 f5 22.
exd5 cxd5 23. Kd1 d4 24. Nb5 Qg2 25. Ke2 Kb7 26. Nxd4 Qg4+ 27. Ke3 f4+ 28. Ke4 f3+ 29. Kd5 c6+ 30. Kc4 Bf6 31. Be3 c5 32. Kxc5 Bxd4+ 33. Bxd4 Qc8+ 34. Kd5 Qxc2 35. Ke4 Qe2+ 36. Be3 Qxf1 37.
Kxf3 Qb1 38. b4 Qxd3 39. a4 Qb3 40. a5 Qxb4 41. Bd2 Qxd2 0-1

[Event "*** Titled Tuesday Blitz"]
[Site "Chess.com"]
[Date "2019.07.02"]
[Round "7"]
[White "eldur16"]
[Black "amylazy"]
[Result "1-0"]
[WhiteElo "2576"]
[BlackElo "2420"]
[TimeControl "180+2"]
[EndTime "14:36:22 PDT"]
[Termination "eldur16 won by resignation"]

1. d4 Nf6 2. c4 g6 3. Nc3 d5 4. Nf3 Bg7 5. e3 O-O 6. cxd5 Nxd5 7. Bc4 Nb6 8. Bb3 Nc6 9. O-O Na5 10. Bc2 Bg4 11. h3 Bxf3 12. Qxf3 c6 13. Rd1 Nac4 14. b3 Nd6 15. Ba3 Rc8 16. Rac1 Qd7 17. e4 Rfd8 18. Bc5 Qc7 19. a4 Nd7 20. Ba3 Nf8 21. Ne2 Ne6 22. h4 Bh6 23. Rb1 Ne8 24. h5 Nf6 25. hxg6 hxg6 26. e5 Nd5 27. Qg4 Nf8 28. g3 Qd7 29. Qh4 Bg7 30. Kg2 a5 31. Rh1 b5 32.
Be4 b4 33. Bc1 Qe6 34. Bh6 g5 35. Qxg5 Ng6 36. Bxg7 Kxg7 37. Qh6+ Kg8 38. Qh7+ Kf8 39. Rh6 Ke8 40. Rxg6 fxg6 41. Bxg6+ Kd7 42. Bf5 Nc7 43.
Rh1 Rf8 44. Bxe6+ Nxe6 45. Rh6 Ng5 46. Qg6 Nf3 47. Nf4 Nxd4 48. Qe4 c5 49. Qd5+ Ke8 50. Ng6 Rd8 51. Qxc5 Rf7 52. Rh8+ 1-0

[Event "*** Titled Tuesday Blitz"]
[Site "Chess.com"]
[Date "2019.07.02"]
[Round "7"]
[White "chessdjw"]
[Black "DryCounty"]
[Result "1-0"]
[WhiteElo "2722"]
[BlackElo "2704"]
[TimeControl "180+2"]
[EndTime "14:36:24 PDT"]
[Termination "chessdjw won by resignation"]

1. Nf3 Nf6 2. g3 g6 3. Bg2 Bg7 4. O-O O-O 5. d4 d6 6. b3 a5 7. Nc3 c6 8. e4 Bg4 9. Be3 Nbd7 10. h3 Bxf3 11. Qxf3 e5 12. Rad1 Qe7 13. Rfe1 Nh5 14. d5 Nhf6 15. dxc6 bxc6 16. Na4 d5 17. Bg5 h6 18.
Bxf6 Nxf6 19. exd5 e4 20. d6 Qe5 21. Qc3 Qb5 22. Qc4 Rfe8 23. Qf1 Rad8 24. c4 Qb4 25. c5 Nd7 26. Rc1 Re5 27. Rc4 Qa3 28. Rexe4 Qxa2 29. Rxe5 Nxe5 30. Rc3 Rb8 31. Nb6 Rd8 32. Re3 Qa3 33. Qe2 Qxc5 34. Nc4 Nxc4 35. Re8+ Rxe8 36.
Qxe8+ Kh7 37. d7 Nd2 38. d8=Q Qc1+ 39. Kh2 Nf1+ 40. Bxf1 1-0

[Event "*** Titled Tuesday Blitz"]
[Site "Chess.com"]
[Date "2019.07.02"]
[Round "7"]
[White "vovachesss"]
[Black "SoltaniciR"]
[Result "1-0"]
[WhiteElo "2670"]
[BlackElo "2568"]
[TimeControl "180+2"]
[EndTime "14:36:25 PDT"]
[Termination "vovachesss won on time"]

1. c4 c5 2. Nc3 Nf6 3. e3 e6 4. d4 d5 5. cxd5 exd5 6. Nf3 a6 7. Bd3 Nc6 8. O-O Bd6 9. dxc5 Bxc5 10. h3 O-O 11. b3 Qe7 12. Bb2 Rd8 13. Ne2 Ne4 14.
Ned4 Bd6 15. Rc1 Ne5 16. Bb1 Bd7 17. Re1 Qf6 18. Qe2 Qg6 19. Nxe5 Bxe5 20. f4 Bxd4 21. Bxd4 Bxh3 22. Rc7 Bg4 23. Qb2 Rac8 24. Rxb7 h5 25. Rb6 f6 26. Rxa6 h4 27. Kh2 Bf5 28. Re2 Ng3 29.
Bxf5 Nxf5 30. Ra7 Qg3+ 31. Kg1 Re8 32. Ra4 h3 33. Qd2 Nh4 34. Rf2 hxg2 35. Qd1 1-0

[Event "*** Titled Tuesday Blitz"]
[Site "Chess.com"]
[Date "2019.07.02"]
[Round "7"]
[White "Mazanchenko_Dmitry"]
[Black "xdb"]
[Result "0-1"]
[WhiteElo "2216"]
[BlackElo "2226"]
[TimeControl "180+2"]
[EndTime "14:36:26 PDT"]
[Termination "xdb won on time"]

1. e4 c5 2. Ne2 e6 3. Nbc3 Nc6 4. d4 cxd4 5. Nxd4 d6 6. Be3 Nf6 7. f3 Be7 8. Qd2 Bd7 9. Ndb5 O-O 10. Nxd6 Qb8 11. O-O-O Rd8 12. Bf4 e5 13. Bg5 Be6 14.
Bxf6 gxf6 15. Nd5 Bxd5 16. exd5 Rxd6 17. Bd3 Nd8 18. Qh6 f5 19. Qh3 Qc7 20. Qxf5 Rg6 21.
h4 Qc8 22. Qe4 Bd6 23. h5 Rg7 24. Rh4 h6 25. Rg4 f5 26. Rxg7+ Kxg7 27. Qh4 Nf7 28. g4 f4 29. Bf5 Qd8 30. Qh1 Ng5 31. Qf1 Qb6 32.
c3 Qe3+ 33. Kb1 Qxf3 34. Qe1 e4 35. Rd4 e3 36. Rd3 Rf8 37. a3 Rxf5 38. gxf5 Qe4 39. Kc2 f3 0-1

[Event "*** Titled Tuesday Blitz"]
[Site "Chess.com"]
[Date "2019.07.02"]
[Round "7"]
[White "NM2019"]
[Black "XiaoKangZhong"]
[Result "1-0"]
[WhiteElo "2143"]
[BlackElo "2242"]
[TimeControl "180+2"]
[EndTime "14:36:27 PDT"]
[Termination "NM2019 won by resignation"]

1. c4 e5 2. Nc3 f5 3. Nf3 d6 4. e4 f4 5. d4 Nc6 6. dxe5 dxe5 7. Qxd8+ Kxd8 8. g3 fxg3 9. hxg3 Nf6 10. Bg5 Be7 11. O-O-O+ Ke8 12. Nd5 Nxd5 13. cxd5 Bxg5+ 14. Nxg5 Ne7 15. Nxh7 Ng6 16. Bb5+ Ke7 17. Ng5 Bd7 18. Bxd7 Kxd7 19. Ne6 Ne7 20. Nc5+ Kd6 21. Nxb7+ Kd7 22. Nc5+ Kd6 23.
Nd3 Raf8 24. Rxh8 Rxh8 25. f4 Ng6 26. f5 Ne7 27. Rd2 Rh1+ 28. Kc2 Rg1 29. b4 Rxg3 30. Re2 Ng8 31. Kc3 Nf6 32. Kc4 Nh5 33. Nc5 Nf4 34. Re1 Rg2 35. a4 c6 36. dxc6 Kxc6 37. b5+ Kb6 38. Nd7+ Kc7 39. Nxe5 Rc2+ 40. Kb3 Rc5 41. Nc4 Nd3 42. Rd1 Ne5 43. Nxe5 Rxe5 44. Rd4 Re7 45. Kc4 Re5 46. Kd3 Re7 47. Ke3 Kb6 48.
Rd5 Ka5 49. Rd4 Rc7 50. Kf4 Kb6 51. Kg5 Kc5 52. Rd5+ Kc4 53. Rd6 Re7 54. Re6 Rd7 55. e5 Kd5 56. Re8 Rf7 57. f6 gxf6+ 58. exf6 Rb7 59. Kg6 1-0

[Event "*** Titled Tuesday Blitz"]
[Site "Chess.com"]
[Date "2019.07.02"]
[Round "7"]
[White "GMKrikor"]
[Black "G_Threepwood"]
[Result "1-0"]
[WhiteElo "2714"]
[BlackElo "2475"]
[TimeControl "180+2"]
[EndTime "14:36:29 PDT"]
[Termination "GMKrikor won on time"]

1. e4 e5 2. Bc4 Nf6 3. d3 Nc6 4. Nc3 Na5 5. Qf3 Nxc4 6. dxc4 Be7 7. Nge2 O-O 8. O-O d6 9. h3 Be6 10. b3 Nd7 11. Ng3 Re8 12. Be3 Nf8 13. Rad1 b6 14. Nf5 Ng6 15. c5 bxc5 16. Bxc5 Nh4 17. Nxh4 Bxh4 18. Be3 Rf8 19. Qe2 f5 20. f3 f4 21.
Bf2 Qg5 22. Bxh4 Qxh4 23. Nd5 Rf7 24. Qf2 Qd8 25. c4 g5 26. c5 h5 27. cxd6 cxd6 28. Rd3 Rc8 29. Rfd1 g4 30. hxg4 hxg4 31. fxg4 Bxg4 32.
Re1 Qg5 33. Rc3 Rcf8 34. Rc7 Rxc7 35. Nxc7 f3 36. Nd5 Rf7 37. Ne3 fxg2 38. Qxg2 Rf4 39. Rc1 Qh4 40. Nf5 Kf7 41. Nxh4 1-0

[Event "*** Titled Tuesday Blitz"]
[Site "Chess.com"]
[Date "2019.07.02"]
[Round "7"]
[White "TheBigBadChessDad"]
[Black "tunadrol"]
[Result "0-1"]
[WhiteElo "2298"]
[BlackElo "2458"]
[TimeControl "180+2"]
[EndTime "14:36:32 PDT"]
[Termination "tunadrol won on time"]

1. d4 Nf6 2. Nf3 d5 3. Bf4 c5 4. e3 Nc6 5. c3 Qb6 6. Qb3 c4 7. Qc2 Bf5 8. Qc1 e6 9. Nbd2 Be7 10.
Be2 O-O 11. Nh4 Rfc8 12. Nxf5 exf5 13. O-O Qd8 14. Qc2 g6 15. Bg5 Ne4 16. Bxe7 Qxe7 17.
Nxe4 fxe4 18. f3 Re8 19. fxe4 Qxe4 20. Qxe4 Rxe4 21. Bf3 Rae8 22. Bxe4 Rxe4 23. Kf2 Ne7 24. b3 Nf5 25. Rfe1 Nd6 26. bxc4 Nxc4 27. Rab1 Nd6 28. Rb3 b6 29. Ra3 Re7 30. Kf3 Nc4 31. Rb3 Nd2+ 32. Ke2 Nxb3 33. axb3 f5 34. g3 Kf7 35. Kd3 Ke6 36. c4 Kd6 37. Rc1 Rc7 38. Ra1 a5 39. h4 h5 40. Ra2 Ra7 41. Ra1 Ra8 42. Rc1 dxc4+ 43. bxc4 Kc6 44. Kc3 Re8 45. Kd3 Re4 46.
Rb1 Rg4 47. d5+ Kc7 0-1

[Event "*** Titled Tuesday Blitz"]
[Site "Chess.com"]
[Date "2019.07.02"]
[Round "7"]
[White "ElGasanov"]
[Black "David_Paravyan"]
[Result "0-1"]
[WhiteElo "2731"]
[BlackElo "2861"]
[TimeControl "180+2"]
[EndTime "14:36:35 PDT"]
[Termination "David_Paravyan won by resignation"]

1. d4 Nf6 2. c4 g6 3. Nc3 d5 4.
Bf4 Bg7 5. e3 O-O 6. Qb3 c5 7.
cxd5 cxd4 8. exd4 e6 9. d6 Nc6 10. Nf3 Nd5 11. Be5 Nxc3 12. Qxc3 Bd7 13. Bxg7 Kxg7 14. d5+ f6 15. dxc6 Bxc6 16. Rd1 Rc8 17. d7 Rc7 18. Nd4 Bd5 19. Qa5 Rxd7 20. Qxd5 Re8 21.
Qxd7+ Qxd7 22. Nf5+ exf5+ 23. Be2 Qe6 24. Rd2 Qxa2 25.
O-O Qe6 26. Bf3 Re7 27. g3 h5 28. Rfd1 a5 29. Rd8 Qb3 30. R1d7 Rxd7 31. Rxd7+ Kh6 32.
Kg2 Qxb2 33. Rxb7 Qd4 34. h4 a4 35. Rb5 a3 36. Ra5 Qb2 37. Bd5 Qd2 38. Rb5 a2 39. Bxa2 Qxa2 40. Rb4 Qa8+ 41. Kg1 Kg7 42. Rd4 Kf7 43.
Rf4 Ke6 44. Kh2 g5 45. hxg5 fxg5 46. Rc4 Qa2 0-1

[Event "*** Titled Tuesday Blitz"]
[Site "Chess.com"]
[Date "2019.07.02"]
[Round "7"]
[White "BlackBoarder"]
[Black "Blitzstream"]
[Result "0-1"]
[WhiteElo "2501"]
[BlackElo "2779"]
[TimeControl "180+2"]
[EndTime "14:36:36 PDT"]
[Termination "Blitzstream won by resignation"]

1. e4 d5 2. exd5 Qxd5 3. Nf3 Bg4 4. Be2 Nc6 5. d4 O-O-O 6. c4 Qd7 7. d5 Bxf3 8. Bxf3 Ne5 9. O-O Nf6 10. Bf4 Nxf3+ 11. Qxf3 Qf5 12. Nc3 g5 13. Be3 Qxf3 14. gxf3 a6 15.
Rfe1 h6 16. Bd4 Rd7 17. Bxf6 exf6 18. Ne4 Be7 19. Ng3 Bd6 20. Nf5 Be5 21. Re2 h5 22.
Rc1 Rhd8 23. Ne3 Bf4 24. b3 Re7 25. Rce1 Rde8 26. Kf1 Bxh2 27. c5 Bf4 28. c6 h4 29.
cxb7+ Kxb7 30. b4 h3 31. a4 h2 32. Kg2 Bd6 33. b5 a5 34. Rc2 f5 35. Rec1 Rxe3 36. fxe3 Rxe3 37. Rc6 g4 38. fxg4 fxg4 39. b6 Re2+ 40. Kh1 g3 41. Rxc7+ Bxc7 42. Rxc7+ Kxb6 43. Rxf7 Re1+ 44. Kg2 0-1

[Event "*** Titled Tuesday Blitz"]
[Site "Chess.com"]
[Date "2019.07.02"]
[Round "7"]
[White "Th3ChessViking"]
[Black "KaterynaLagno"]
[Result "1/2-1/2"]
[WhiteElo "2479"]
[BlackElo "2655"]
[TimeControl "180+2"]
[EndTime "14:36:37 PDT"]
[Termination "Game drawn - insufficient material"]

1. c4 Nf6 2. g3 g6 3. Bg2 Bg7 4. Nc3 O-O 5. Nf3 d5 6. cxd5 Nxd5 7. O-O Nb6 8. d4 Nc6 9. d5 Na5 10. Qc2 c6 11. dxc6 Nxc6 12. Rd1 Bd7 13. Bf4 Qc8 14.
Rac1 Bf5 15. e4 Bg4 16. Nd5 Nxd5 17. exd5 Bxf3 18. Bxf3 Nd4 19. Qe4 Nxf3+ 20. Qxf3 Qf5 21. Qb3 b6 22. Rc7 Bf6 23. d6 exd6 24. Bxd6 Be5 25. Bxe5 Qxe5 26. Rdd7 Qf5 27. Kg2 Rad8 28. Rxd8 Rxd8 29.
Rxa7 Qe4+ 30. Qf3 Qxf3+ 31. Kxf3 Rd2 32. b4 Rb2 33. a3 h5 34. h3 Kg7 35. Ra6 Rb3+ 36.
Ke4 h4 37. gxh4 Rxh3 38. f3 Rxh4+ 39. Ke3 b5 40. Ra5 Rh5 41. a4 bxa4 42. Rxa4 Rh1 43.
Kd4 Rf1 44. Ra3 Rb1 45. Kc5 g5 46. b5 Kg6 47. b6 f5 48. Kc6 g4 49. fxg4 fxg4 50.
b7 Rc1+ 51. Kb6 Rb1+ 52. Kc6 Rc1+ 53. Kd5 Rb1 54. Ra6+ Kf5 55. Kc6 Rc1+ 56. Kb6 Rb1+ 57. Kc7 Rxb7+ 58. Kxb7 g3 59. Kc6 g2 60. Ra1 Ke4 61. Kd6 Kf3 62. Ke5 Kf2 63. Ra2+ Kg3 64. Rxg2+ Kxg2 1/2-1/2

[Event "*** Titled Tuesday Blitz"]
[Site "Chess.com"]
[Date "2019.07.02"]
[Round "7"]
[White "stoleriu"]
[Black "deBaller"]
[Result "1-0"]
[WhiteElo "2513"]
[BlackElo "2359"]
[TimeControl "180+2"]
[EndTime "14:36:41 PDT"]
[Termination "stoleriu won by resignation"]

1. e4 e6 2. d4 d5 3. Nc3 Nf6 4. e5 Nfd7 5. f4 c5 6. Nf3 Nc6 7. Be3 cxd4 8. Nxd4 Bc5 9. Qd2 a6 10. Qf2 Nxd4 11. Bxd4 Qc7 12. Bd3 b5 13. O-O Bxd4 14.
Qxd4 Qc5 15. Ne2 b4 16. a3 bxa3 17. Rxa3 O-O 18. Rfa1 Qxd4+ 19. Nxd4 Nc5 20. Bf1 Rb8 21. R1a2 Rb6 22. Rc3 Ne4 23. Rc7 Bb7 24. Bd3 Rc8 25.
Rxc8+ Bxc8 26. Bxe4 dxe4 27. Kf2 Bb7 28. Ke3 f6 29. b3 Kf7 30. Ra5 Bd5 31. Rc5 fxe5 32.
fxe5 Kg6 33. c4 Bb7 34. Rc7 a5 35. c5 Rb4 36. c6 Ba6 37. Ra7 Bb5 38. Rxa5 Bxc6 39.
Nxc6 Rxb3+ 40. Kxe4 Rb2 41. Kf3 Rb3+ 42. Kg4 h5+ 43.
Kf4 Rb2 44. Nd4 Rxg2 45. Nxe6 Rxh2 46. Ra7 Rb2 47. Rxg7+ Kh6 48. Rg1 h4 49. Nd4 h3 50.
Nf3 Rb4+ 51. Kf5 Rb3 52. Rg6+ Kh5 53. Rg3 Kh6 54. Rxh3+ Kg7 55. Ng5 Rb5 56. Rh7+ Kg8 57. Ra7 Kf8 58. Kf6 Rb1 59. Ra8+ 1-0

[Event "*** Titled Tuesday Blitz"]
[Site "Chess.com"]
[Date "2019.07.02"]
[Round "7"]
[White "JonahWillow"]
[Black "Etoilegeniale"]
[Result "0-1"]
[WhiteElo "2701"]
[BlackElo "2509"]
[TimeControl "180+2"]
[EndTime "14:36:46 PDT"]
[Termination "Etoilegeniale won by resignation"]

1. e4 c5 2. Nf3 d6 3. d4 cxd4 4.
Qxd4 Nf6 5. Nc3 a6 6. e5 Nc6 7. Qa4 dxe5 8. Nxe5 Bd7 9. Nxd7 Qxd7 10. Bd2 Qd4 11. Qxd4 Nxd4 12. O-O-O e6 13. Bf4 O-O-O 14.
Bd3 Bd6 15. Be3 Nc6 16. a3 Ng4 17. Bb6 Bc7 18. Bxc7 Kxc7 19. Rdf1 Rd7 20. f3 Nge5 21. Be4 f5 22. Bxc6 Nxc6 23. Re1 Nd4 24. Na4 Rd6 25. Nc5 Rc6 26. b4 b6 27. Nxa6+ Kb7 28. b5 Rxc2+ 29. Kb1 Rxg2 30. a4 Rc8 31. Rd1 Rc4 32. Rc1 Nc2 33. Rhd1 Rxh2 34. Rd7+ Kc8 35. Rd3 e5 36. Rb3 e4 37. fxe4 fxe4 38. a5 bxa5 39. b6 Kb7 40.
Nc7 a4 41. Rg3 a3 42. Nd5 g6 43. Rb3 a2+ 44. Kxa2 Nb4+ 45. Kb1 Rxc1+ 46. Kxc1 Nxd5 47. Rb5 Nxb6 48. Re5 Rh4 49. Re7+ Kc6 50. Kd2 Nd5 51. Re6+ Kc5 52. Re8 Kd4 53. Ke2 Rh2+ 0-1

[Event "*** Titled Tuesday Blitz"]
[Site "Chess.com"]
[Date "2019.07.02"]
[Round "7"]
[White "ehrenfeld"]
[Black "MasterKroket"]
[Result "0-1"]
[WhiteElo "2540"]
[BlackElo "2399"]
[TimeControl "180+2"]
[EndTime "14:36:46 PDT"]
[Termination "MasterKroket won by resignation"]

1. e4 c5 2. Nf3 e6 3. b3 Nf6 4. e5 Nd5 5. Bb2 Nc6 6. g3 b6 7. Bg2 Bb7 8. O-O Be7 9. Qe2 O-O 10. c4 Nc7 11. Nc3 f5 12. Rad1 Qe8 13. d4 cxd4 14. Nxd4 Nxd4 15. Rxd4 Bxg2 16. Kxg2 Bc5 17.
Rd3 f4 18. Ne4 fxg3 19. hxg3 Rf5 20. Rfd1 Rd8 21. Qd2 Rf7 22. Nxc5 bxc5 23. Qe3 Qf8 24. Ba3 Na6 25. Rd6 Nb4 26. Qxc5 Nxa2 27. Qe3 Nc3 28. Rc1 Ne4 29. Qxe4 Rxf2+ 30. Kg1 Ra2 31. Bc5 Qf7 32. Rf1 Qh5 33. Rf2 Ra1+ 34. Rf1 Ra2 35. Bf2 Rf8 36. Rxd7 Re2 37. Qb7 Qg4 38. Qg2 Rf3 39.
Rd8+ Kf7 40. Rd3 Rxd3 41. Bc5+ Kg6 0-1

[Event "*** Titled Tuesday Blitz"]
[Site "Chess.com"]
[Date "2019.07.02"]
[Round "7"]
[White "Alex_Molchanov"]
[Black "FelixBlohberger"]
[Result "0-1"]
[WhiteElo "2564"]
[BlackElo "2534"]
[TimeControl "180+2"]
[EndTime "14:36:47 PDT"]
[Termination "FelixBlohberger won by resignation"]

1. Nf3 d5 2. g3 c6 3. Bg2 Bg4 4. O-O Nd7 5. c4 e6 6. b3 Ngf6 7. Bb2 Bd6 8. d3 h5 9. Nbd2 h4 10. Nxh4 Rxh4 11. gxh4 Nh5 12. Qe1 Qxh4 13. f4 Qxe1 14.
Raxe1 Bxf4 15. e3 Bd6 16. Bf3 Bxf3 17. Nxf3 Ke7 18. Kf2 Rh8 19. Rg1 Rh7 20. Rg2 Nhf6 21. Reg1 g6 22. Ke2 a6 23. h4 e5 24. Rh1 e4 25.
Ng5 exd3+ 26. Kxd3 Rh5 27. Kc2 Ne5 28. cxd5 Nxd5 29.
Rh3 Rxh4 30. Rxh4 Nxe3+ 31. Kc1 Nxg2 32. Re4 f6 33. Nf3 Ke6 34. Nd4+ Kd5 35. Re2 Nf4 36. Rd2 Bb4 37. Rd1 Nfd3+ 38. Kc2 Nxb2 39. Kxb2 Bc5 40.
Ne2+ Ke6 41. a3 a5 42. Nc3 f5 43. Na4 Be3 44. b4 axb4 45. axb4 f4 46. Kc3 g5 47.
Nc5+ Bxc5 48. bxc5 g4 49. Kd4 Kf5 50. Rh1 Nf3+ 51.
Kd3 g3 52. Rh5+ Kg4 53. Rh8 g2 54. Rg8+ Ng5 0-1

[Event "*** Titled Tuesday Blitz"]
[Site "Chess.com"]
[Date "2019.07.02"]
[Round "7"]
[White "Hikaru"]
[Black "OparinGrigoriy"]
[Result "1-0"]
[WhiteElo "3155"]
[BlackElo "2990"]
[TimeControl "180+2"]
[EndTime "14:36:48 PDT"]
[Termination "Hikaru won by resignation"]

1. Nf3 d5 2. b3 Nf6 3. Bb2 Bf5 4. Nh4 Bg6 5. Nxg6 hxg6 6. g3 c6 7. Bg2 Nbd7 8. d3 e5 9. Nd2 Bc5 10. e3 Qe7 11. a3 a5 12. Qe2 O-O 13. h4 Rfe8 14.
g4 Rad8 15. g5 Nh5 16. Bf3 e4 17. dxe4 dxe4 18. Nxe4 Ne5 19. Bg2 a4 20. bxa4 Bb6 21. O-O Qe6 22. Rad1 Nc4 23. Bc1 Bc7 24. Rxd8 Rxd8 25.
Rd1 Ra8 26. Nc5 Nf4 27. Nxe6 Nxe2+ 28. Kf1 Ng3+ 29. fxg3 fxe6 30. Bh3 Ne5 31. Bxe6+ Kf8 32. Bb3 Ke7 33. Ke2 Rf8 34. Bd2 Bd6 35. Rf1 Rxf1 36. Kxf1 Nf3 37. Bb4 c5 38. Bc3 Be5 39. Bxe5 Nxe5 40.
Bd5 b6 41. Ke2 Kd6 42. Be4 Ke6 43. Kd2 Kd6 44. Kc3 Kc7 45. Kb3 Kb8 46. g4 Kc7 47.
h5 Nf7 48. Bxg6 Nxg5 49. Kc4 Kc6 50. Be8+ Kd6 51. Kb5 Kc7 52. Bg6 Nf3 53. a5 bxa5 54. Kxc5 Ne5 55. g5 1-0

[Event "*** Titled Tuesday Blitz"]
[Site "Chess.com"]
[Date "2019.07.02"]
[Round "7"]
[White "lrestevez"]
[Black "WorldChampionBulletChess"]
[Result "1-0"]
[WhiteElo "2139"]
[BlackElo "2119"]
[TimeControl "180+2"]
[EndTime "14:36:48 PDT"]
[Termination "lrestevez won by resignation"]

1. e4 c5 2. Nf3 e6 3. Be2 d5 4.
exd5 exd5 5. d4 Nf6 6. dxc5 Bxc5 7.
O-O O-O 8. Bg5 h6 9. Bh4 Be7 10. c3 Nc6 11. Nbd2 Bf5 12. Nb3 Ne4 13. Bxe7 Nxe7 14.
Nbd4 Bg6 15. Ne5 Qd6 16. Nxg6 Nxg6 17. Bf3 Rfe8 18. Re1 Nh4 19. Bxe4 dxe4 20. Qg4 Ng6 21. Rxe4 Re5 22. Rae1 Rae8 23. Rxe5 Rxe5 24. Rxe5 Qxe5 25. g3 Qe1+ 26. Kg2 Qe8 27. Qf3 Qd7 28. Qe4 Ne7 29. h4 b5 30. a3 f5 31. Qe6+ Qxe6 32. Nxe6 Kf7 33. Nc7 Nc6 34. Nxb5 g5 35. hxg5 hxg5 36. Nd4 Na5 37. Nxf5 Nc4 38. b4 Nxa3 39. Nd6+ Ke6 40.
Ne4 Kf5 41. Kf3 g4+ 42. Ke3 Nc2+ 43. Kd3 Ne1+ 44. Ke2 Nc2 45. Nd6+ Ke5 46. Nb5 a6 47. Nc7 Na3 48. Nxa6 Nc4 49. Nc7 Kd6 50. Ne8+ Ke7 51.
Nc7 Kd6 52. Nb5+ Kc6 53. Nd4+ Kd5 54. Nf5 Ke5 55. Ne3 Na3 56. Nxg4+ Kf5 57. Ne3+ 1-0

[Event "*** Titled Tuesday Blitz"]
[Site "Chess.com"]
[Date "2019.07.02"]
[Round "7"]
[White "SergeiAza"]
[Black "enriquetejedor"]
[Result "1/2-1/2"]
[WhiteElo "2818"]
[BlackElo "2600"]
[TimeControl "180+2"]
[EndTime "14:36:49 PDT"]
[Termination "Game drawn - insufficient material"]

1. e4 e6 2. d4 d5 3. Nd2 Be7 4. e5 c5 5. Qg4 Kf8 6. dxc5 Nh6 7. Qh3 Nd7 8. Ngf3 Nxc5 9. Be2 Nf5 10. O-O Kg8 11.
Nb3 Ne4 12. Bd3 h5 13. Nbd4 g5 14. Nxf5 exf5 15. Nxg5 Nxg5 16. Bxg5 Bxg5 17. f4 Be7 18. Bxf5 Qb6+ 19. Kh1 Bxf5 20. Qxf5 Qg6 21. Qd7 Qe6 22. Qxb7 Re8 23. Rad1 h4 24. h3 Rh5 25. Qxd5 Qxd5 26. Rxd5 Rb8 27. b3 Kf8 28. c4 Ke8 29. f5 Rd8 30. Rf4 a5 31. Kg1 a4 32. Kf1 axb3 33.
axb3 Rxd5 34. cxd5 f6 35. exf6 Bxf6 36. b4 Rh7 37.
Ke2 Rd7 38. b5 Rxd5 39. Rb4 Kd7 40. b6 Kc8 41. Kf3 Rxf5+ 42. Rf4 Rxf4+ 43. Kxf4 Kb7 44. Kg4 Kxb6 45. g3 hxg3 46. Kxg3 Kc7 47. h4 Kd8 48. Kg4 Ke8 49. h5 Kf7 50. h6 Bd8 51. h7 Kg7 52. h8=Q+ Kxh8 1/2-1/2

[Event "*** Titled Tuesday Blitz"]
[Site "Chess.com"]
[Date "2019.07.02"]
[Round "7"]
[White "pr1105"]
[Black "IveBeenThroughPain"]
[Result "0-1"]
[WhiteElo "2194"]
[BlackElo "2298"]
[TimeControl "180+2"]
[EndTime "14:36:50 PDT"]
[Termination "IveBeenThroughPain won by resignation"]

1. e4 e5 2. Nf3 Nc6 3. Bc4 Nf6 4.
d3 Be7 5. O-O O-O 6. a4 d5 7.
exd5 Nxd5 8. Re1 f6 9. a5 a6 10. c3 Be6 11. d4 Qd6 12. dxe5 Nxe5 13. Nxe5 fxe5 14. Nd2 Nf4 15. Qb3 Kh8 16. Bxe6 Nxe6 17. Nc4 Qc5 18. Be3 Qd5 19. Rad1 Qe4 20. Bg5 Qf5 21.
Bxe7 Qxf2+ 22. Kh1 Rf7 23. Qxb7 Re8 24. Bb4 c5 25. Qc6 Ref8 26. Ne3 Qxe3 27. h3 Qh6 28. Bxc5 Rc7 29. Qd6 Rxc5 30. Rf1 Rxf1+ 31. Rxf1 Rc8 32.
Qd7 Rf8 33. Rxf8+ Nxf8 34. Qe8 Qf6 35. b4 Kg8 36. Kh2 Qe6 37. Qxe6+ Nxe6 38. c4 Kf7 39. b5 Nc5 40. Kg3 Ke6 41. Kf3 Kd6 42. Ke3 g6 43. h4 Nb3 44. bxa6 Nxa5 45. a7 Nxc4+ 46. Ke4 Nb6 47.
g4 Na8 48. h5 Ke6 49. h6 Nb6 50.
g5 Na8 51. Ke3 Kf5 52. Kd3 e4+ 53. Ke3 Ke5 54. Ke2 Kf4 55. Kd2 Kxg5 56. Ke3 Kf5 0-1

[Event "*** Titled Tuesday Blitz"]
[Site "Chess.com"]
[Date "2019.07.02"]
[Round "7"]
[White "Qvalda"]
[Black "sergeikim"]
[Result "1-0"]
[WhiteElo "2504"]
[BlackElo "2471"]
[TimeControl "180+2"]
[EndTime "14:36:51 PDT"]
[Termination "Qvalda won by checkmate"]

1. g3 Nf6 2. Bg2 g6 3. e4 d6 4.
d4 Bg7 5. Nc3 O-O 6. Nge2 e5 7.
O-O c6 8. a4 a5 9. h3 Na6 10.
Be3 Qc7 11. g4 Nb4 12. Ng3 Re8 13. Qd2 b6 14. f4 Ba6 15. Rf2 Rad8 16. Raf1 exd4 17.
Bxd4 Bxf1 18. Bxf1 Nd7 19. Bxg7 Kxg7 20. f5 Ne5 21. Qg5 Kh8 22. Qf6+ Kg8 23. Qg5 Qe7 24. f6 Qf8 25. Nf5 Kh8 26. Ne7 Rd7 27. h4 Rdxe7 28. fxe7 Qxe7 29. Qxe7 Rxe7 30. g5 Kg7 31. Kg2 Ng4 32.
Rd2 d5 33. exd5 Ne3+ 34. Kf2 Nexd5 35. Nxd5 Nxd5 36. Bg2 Re5 37. c4 Nb4 38. Rd6 Re6 39. Rd7 Re5 40. Rb7 Nd3+ 41. Kg3 Re3+ 42. Kg4 Nxb2 43. Bxc6 Nxc4 44. Bd5 Nd6 45. Rxb6 Nf5 46. Rb7 Nd6 47. Rd7 Nf5 48. Rxf7+ Kh8 49. Rf8+ Kg7 50. Rg8# 1-0

[Event "*** Titled Tuesday Blitz"]
[Site "Chess.com"]
[Date "2019.07.02"]
[Round "7"]
[White "johnathan113"]
[Black "Hrant_ChessMood"]
[Result "1-0"]
[WhiteElo "2710"]
[BlackElo "2935"]
[TimeControl "180+2"]
[EndTime "14:36:55 PDT"]
[Termination "johnathan113 won by resignation"]

1. c4 e5 2. g3 Nf6 3. Bg2 c6 4. d4 e4 5. Nc3 Bb4 6. Qb3 Qe7 7. Bg5 Bxc3+ 8. bxc3 O-O 9. Bxf6 Qxf6 10. Bxe4 Re8 11. Bg2 d6 12. Nf3 Nd7 13. O-O Nb6 14.
Rfe1 Be6 15. Nd2 h5 16. d5 cxd5 17. cxd5 Bf5 18. e4 Bg4 19. a4 h4 20. a5 Nd7 21. Qxb7 h3 22. Bh1 Qxc3 23. Ra2 Nc5 24. Qb1 Rab8 25. Qc2 Qd4 26. Qc4 Qf6 27. e5 Qg6 28.
Ne4 Rxe5 29. f3 Bf5 30. Rae2 Bxe4 31. fxe4 Qg5 32. Qd4 Rb3 33. Qf2 Nd3 34. Qe3 Nxe1 35. Qxb3 Qc1 36. Kf2 Nc2 37. Qxc2 Qxh1 38. Qc8+ Kh7 39.
Qxh3+ Kg6 40. Re1 Qxe1+ 41. Kxe1 Rxe4+ 42. Kf2 Ra4 43. Qd7 Rxa5 44. Qxd6+ Kf5 45. Qd7+ Ke4 46. d6 Ra2+ 47. Ke1 Ke3 48. Qe7+ 1-0